 Dungeon Crawl Stone Soup version 0.31-a0-963-ga325b2283a (webtiles) character file.

Game seed: 15565642977377402019

54 sammy202020 the Covered (level 3, 24/33 HPs)
             Began as an Armataur Berserker on Oct 26, 2023.
             Was a Follower of Trog.
             Quit the game on level 2 of the Dungeon.
             The game lasted 00:02:20 (1006 turns).

sammy202020 the Covered (Armataur Berserker)        Turns: 1006, Time: 00:02:21

Health: 24/33      AC:  6    Str: 22      XL:     3   Next: 66%
Magic:  3/3        EV:  8    Int: 14 (15) God:    Trog [*.....]
Gold:   80         SH:  0    Dex:  9      Spells: 2/2 levels left

rFire   . . .        a - +0 mace
rCold   . . .        (no shield)
rNeg    . . .        i - +0 scale mail
rPois   .            (helmet restricted)
rElec   .            (no cloak)
rCorr   .            (no gloves)
SInv    .            (no barding)
Will    .....        (no amulet) Stlth
                     f - +6 ring of intelligence
HPRegen 1.05/turn    (no ring)
MPRegen 0.08/turn

%: roll
@: no status effects
A: large, rugged brown scales 3, deformed body, armoured tail, roll, long
tongue, awkward tongue, antennae 1, fangs 1, deterioration 1, regeneration 1
a: Renounce Religion, Berserk


You were on level 2 of the Dungeon.
You worshipped Trog.
Trog was aware of your devotion.
You visited 1 branch of the dungeon, and saw 2 of its levels.

You collected 80 gold pieces.

Inventory:

Hand Weapons
 a - a +0 mace (weapon)
Armour
 i - a +0 scale mail (worn)
Jewellery
 f - a +6 ring of intelligence (left hand)
Wands
 b - a wand of polymorph (7)
Scrolls
 e - a scroll of amnesia {unknown}
Potions
 c - a potion of enlightenment {unknown}
 d - a potion of heal wounds {unknown}
 g - 2 potions of might {unknown}


   Skills:
 * Level 3.1 Fighting
 * Level 3.2 Maces & Flails
 * Level 3.3 Armour
 + Level 1.8 Dodging


You had 2 spell levels left.
You didn't know any spells.
Your spell library was empty.

Dungeon Overview and Level Annotations

Branches:
Dungeon (2/15)

Altars:


Innate Abilities, Weirdness & Mutations

You are completely covered in rugged brown scales. (AC +3, +7% HP)
Armour fits poorly on your strangely shaped body.
You have a long armoured tail.
You roll when moving toward enemies. (Rampage)
Your long tongue fully drains potion bottles. (2x potion effects)
Your tongue gives you trouble enunciating. (1.5x scroll delay)
You have a pair of small antennae on your head.
You have very sharp teeth.
Your body sometimes deteriorates upon taking damage.
Your natural rate of healing is unusually fast.


Message History

The goblin shouts!
Your tail-slap misses the hobgoblin.
You hear a shout!
The hobgoblin hits you.
You completely miss the hobgoblin.
Your tail-slap misses the hobgoblin.
The hobgoblin hits you but does no damage.
You hit the hobgoblin.
You bite the hobgoblin, but do no damage.
The hobgoblin is moderately wounded.
The hobgoblin hits you but does no damage.
The hobgoblin barely misses you.
You closely miss the hobgoblin.
You tail-slap the hobgoblin, but do no damage.
The hobgoblin is moderately wounded.
The hobgoblin barely misses you.
You barely miss the hobgoblin.
The hobgoblin is moderately wounded.
The hobgoblin closely misses you.
You hit the hobgoblin.
You bite the hobgoblin, but do no damage.
The hobgoblin is heavily wounded.
The hobgoblin hits you but does no damage.
The goblin hits you but does no damage.
You sock the hobgoblin!
You kill the hobgoblin!
Trog accepts your kill. The goblin hits you with a +0 dagger.
The goblin closely misses you.
You see here a hobgoblin corpse.
You barely miss the goblin. Your bite misses the goblin.
The goblin hits you with a +0 dagger. The goblin completely misses you.
You hit the goblin.
The goblin is moderately wounded.
The goblin hits you with a +0 dagger.
You sock the goblin!
You kill the goblin!
Trog accepts your kill.
You see here a +0 dagger.
Okay, then.
Are you sure you want to abandon this character and quit the game? (Confirm with "yes".)

.. ##. # #. #.. ..
#.##.# ###.#....###
.............. ### ....
....#.......#
#..##..#>##.##.#
#..@†#....##.# ..
###..#.##.##.# #.#
#..#.##.##.# ##.##
#..........####### #...#
####.#............ #...#
####.#...#########
#...######.......## ####
#........#.##.##.#
...####...####.#.#..##.#


There were no monsters in sight!

Vanquished Creatures
  Natasha (D:2)
  A dart slug (D:1)
  An orc (D:2)
  4 ball pythons (D:1)
  An endoplasm (D:1)
  A giant cockroach (D:1)
  4 goblins
  5 hobgoblins
  2 kobolds (D:1)
  A bat (D:1)
  2 frilled lizards (D:1)
  2 rats
25 creatures vanquished.

Notes
Turn   | Place    | Note
-------+----------+-------------------------------------------
     0 | D:1      | sammy202020 the Armataur Berserker began the quest for the
                  | Orb.
     0 | D:1      | Reached XP level 1. HP: 19/19 MP: 1/1
    75 | D:1      | Reached XP level 2. HP: 23/26 MP: 2/2
   634 | D:1      | Gained mutation: Your body sometimes deteriorates upon
                  | taking damage. [potion of mutation]
   634 | D:1      | Gained mutation: Your natural rate of healing is unusually
                  | fast. [potion of mutation]
   634 | D:1      | Gained mutation: You have very sharp teeth. [potion of
                  | mutation]
   634 | D:1      | Gained mutation: You have a pair of small antennae on your
                  | head. [potion of mutation]
   984 | D:2      | Noticed Natasha
   993 | D:2      | Killed Natasha
   994 | D:2      | Reached XP level 3. HP: 17/33 MP: 3/3
  1006 | D:2      | Quit the game

Illustrated notes

Levels and vault maps discovered:
D:1:      lemuel_arrival_room, layout_basic, kennysheep_crisscross
D:2:      layout_loops_cross, basic_altar, basic_ecumenical_altar,
          minmay_goblin_outpost, uniq_natasha

Skill      XL: |  1  2 |
---------------+-------+-----
Maces & Flails | 3 |  3.2
Armour         | 3 |  3.3
Fighting       | 3 |  3.1
Dodging        | |  1.8

Action                     || total
---------------------------++-------
  Melee: Mace              ||    77
         Tailslap          ||     2
         Bite              ||     2
    Use: Scroll            ||     2
         Potion            ||     1
 Armour: Animal skin       ||    25
         Scale mail        ||    30
  Dodge: Dodged            ||    31

Table legend: (Time is in decaauts)
 A = Elapsed time spent in this place.
 B = Non-inter-level travel time spent in this place.
 C = Inter-level travel time spent in this place.
 D = Time resting spent in this place.
 E = Time spent auto-exploring this place.
 F = Levels seen in this place.
 G = Mean time per level.
                   A        B        C        D        E       F      G
               +--------+--------+--------+--------+--------+-----+--------+
         Total |   1025 |    997 |     28 |    200 |    604 |   2 |  512.5 |
       Dungeon |   1025 |    997 |     28 |    200 |    604 |   2 |  512.5 |
               +--------+--------+--------+--------+--------+-----+--------+

Top non-repeatable levels by time:
     D:1: 854 daAuts
     D:2: 170 daAuts
